 Dungeon Crawl Stone Soup version 0.29.0-11-gd7f09526c8 (webtiles) character file.

Game seed: 3314920697896196881

88 H0rd4k the Charlatan (level 4, -1/33 HPs)
             Began as a Human Artificer on Sept 5, 2022.
             Slain by a goblin
             ... wielding a +0 club
             ... led by Robin
              (5 damage)
             ... on level 3 of the Dungeon.
             The game lasted 00:02:41 (4444 turns).

H0rd4k the Charlatan (Human Artificer)              Turns: 4444, Time: 00:02:42

Health: -1/33      AC:  3    Str: 12    XL:     4   Next: 81%
Magic:  4/4        EV: 11    Int: 14    God:
Gold:   84         SH:  0    Dex: 13    Spells: 3/3 levels left

rFire   . . .      SeeInvis .   a - +0 club
rCold   . . .      Faith    .   (no shield)
rNeg    . . .      Spirit   .   b - +0 leather armour
rPois   .          Reflect  .   (no helmet)
rElec   .          Harm     .   (no cloak)
rCorr   .          Rampage  .   (no gloves)
Will    .....                   (no boots)
Stlth   +.........              (no amulet)
HPRegen 0.11/turn               (no ring)
MPRegen 0.09/turn               (no ring)

@: no status effects
A: no striking features
a: no special abilities


You were on level 3 of the Dungeon.
You visited 1 branch of the dungeon, and saw 3 of its levels.

You collected 84 gold pieces.

Inventory:

Hand Weapons
 a - a +0 club (weapon)
Missiles
 f - 2 poisoned darts (quivered)
Armour
 b - a +0 leather armour (worn)
Magical Staves
 l - a staff of earth
Wands
 d - a wand of charming (11)
 e - a wand of iceblast (5)
Scrolls
 c - 3 scrolls of identify {unknown}
 g - a scroll of fear {unknown}
 h - a scroll of blinking {unknown}
 i - 2 scrolls of poison {unknown}
 k - a scroll of teleportation {unknown}
 m - a scroll of amnesia {unknown}
Potions
 j - a potion of resistance {unknown}


   Skills:
 + Level 1.8 Fighting
 + Level 1.8 Maces & Flails
 + Level 0.1 Throwing
 - Level 2.0 Armour
 + Level 1.6 Dodging
 - Level 1.0 Stealth
 + Level 4.1 Evocations


You had 3 spell levels left.
You didn't know any spells.
Your spell library contained the following spells:

 Spells                   Type           Power      Damage    Failure   Level
 Magic Dart               Conj           0%         1d3       36%         1
 Call Imp                 Summ           0%         N/A       50%         2
 Mephitic Cloud           Conj/Pois/Air  0%         N/A       73%         3
 Stone Arrow              Conj/Erth      0%         3d7       73%         3
 Animate Armour           Summ/Erth      0%         N/A       98%         4
 Lehudib's Crystal Spear  Conj/Erth      0%         10d2      100%        8


Dungeon Overview and Level Annotations

Branches:
Dungeon (3/15)

Altars:

Annotations:
D:2 exclusion: downstairs
D:3 Robin


Message History

The goblin hits you with a +1 dagger of protection.
The goblin hits you with a +0 club.
A hobgoblin comes into view.
The goblin barely misses you.
The goblin shouts!
You hit the goblin.
The goblin is moderately wounded.
The goblin hits you with a +0 club.
* * * LOW HITPOINT WARNING * * *
The goblin hits you with a +1 dagger of protection.
* * * LOW HITPOINT WARNING * * *
Aiming: Charm
Press: ? - help, Shift-Dir - straight line, f - goblin
Aim: a goblin, wielding a +1 dagger of protection (strong, chance to affect: 75%)
The goblin is charmed.
The goblin hits you but does no damage.
Unknown command.
You swap places.
The goblin hits your goblin with a +0 club.
What are your orders? t - Shout!
Orders for allies: a - Attack new target. p - Attack previous target. r - Retreat! s - Stop attacking. g - Guard the area. f - Follow me.
Anything else - Cancel.
Guard this area!
Robin throws the goblin at you!
* * * LOW HITPOINT WARNING * * *
The goblin hits your goblin with a +0 club.
Your goblin dies!
The goblin completely misses you.
You hit the goblin.
You kill the goblin!
Robin throws the goblin at you!
* * * LOW HITPOINT WARNING * * *
The goblin barely misses you.
You closely miss the goblin.
The goblin is moderately wounded.
Robin roars a battlecry!
The hobgoblin goes into a battle-frenzy!
The goblin hits you with a +0 club.
You die...

#..# #.# #.###...###.### #h.#
#.######.# ##.## #.#
#<.#.####.##...#.# #.# #.#
................#.#.## #.####.#
#####.##........>....###...##.#
.####.#..................# .#
#.#####.#...#####.#### .# #.
#g##.## #.# ## # #@#### #.# #)#
#.# #)# #.# #g# #.# #g# #.# .g.
#.# #.# #..


You could see Robin, a hobgoblin (strong) and 2 goblins.

Vanquished Creatures
  4 adders
  A worm (D:2)
  2 bats
  4 endoplasms
  3 giant cockroaches (D:2)
  8 goblins
  2 hobgoblins (D:3)
  4 jackals
  4 kobolds
  2 quokkas
  4 ball pythons
  3 frilled lizards (D:1)
  5 rats
46 creatures vanquished.

Vanquished Creatures (collateral kills)
  A goblin (D:2)
  A frilled lizard (D:2)
2 creatures vanquished.

Vanquished Creatures (others)
  A goblin (D:3)
  A jackal (D:2)
2 creatures vanquished.

Grand Total: 50 creatures vanquished

Notes
Turn   | Place    | Note
-------+----------+-------------------------------------------
     0 | D:1      | H0rd4k the Human Artificer began the quest for the Orb.
     0 | D:1      | Reached XP level 1. HP: 15/15 MP: 1/1
   747 | D:1      | Reached XP level 2. HP: 21/21 MP: 2/2
   897 | D:1      | HP: 1/21 [jackal (2)]
  1992 | D:2      | Reached XP level 3. HP: 18/26 MP: 3/3
  2371 | D:2      | Reached skill level 1 in Maces & Flails
  2371 | D:2      | Reached skill level 4 in Evocations
  3095 | D:2      | Found a faded altar of an unknown god.
  3404 | D:2      | Reached XP level 4. HP: 7/32 MP: 4/4
  4199 | D:3      | Noticed a black bear
  4429 | D:3      | Noticed Robin
  4444 | D:3      | Slain by a goblin

Illustrated notes

Levels and vault maps discovered:
D:1:      dpeg_arrival_houses_and_road, layout_basic
D:2:      layout_loops_corners, basic_ecumenical_altar,
          minmay_randomly_rotated_circles
D:3:      layout_loops_ring, marbit_many_paths, fedhas_altar_4, uniq_sigmund,
          uniq_robin

Skill      XL: |  1  2  3 |
---------------+----------+-----
Maces & Flails | 1 |  1.8
Evocations     | 4 |  4.1
Fighting       | |  1.8
Throwing       | |  0.1
Armour         | |  2.0
Dodging        | |  1.6
Stealth        | |  1.0

Action                   |  1- 3 |  4- 6 || total
-------------------------+-------+-------++-------
Melee: Club              |   147 |    56 ||   203
       Punch             |     1 |       ||     1
Throw: Dart              |     3 |     8 ||    11
Evoke: Wand              |    16 |     3 ||    19
 Stab: Sleeping          |     4 |       ||     4
Armor: Leather armour    |    44 |    21 ||    65
Dodge: Dodged            |   130 |    45 ||   175
